 Dungeon Crawl Stone Soup version 0.23-a0-407-g92528d7 (webtiles) character file.

168 MisterFreud the Ducker (level 5, -5/36 HPs)
             Began as an Octopode Monk on Nov 7, 2018.
             Killed from afar by an orc wizard (7 damage)
             ... with a magic dart
             ... on level 3 of the Dungeon.
             The game lasted 00:04:34 (2357 turns).

MisterFreud the Ducker (Octopode Monk)              Turns: 2357, Time: 00:04:36

Health: -5/36      AC:  1    Str: 10    XL:     5   Next: 48%
Magic:  5/5        EV: 16    Int: 14    God:
Gold:   89         SH:  0    Dex: 14    Spells: 4/4 levels left

rFire    . . .     SeeInvis .   a - +0 falchion
rCold    . . .     Gourm    .   (no shield)
rNeg     . . .     Faith    .   (helmet restricted)
rPois    .         Spirit   .   (no amulet)
rElec    .         Reflect  .   f - ring of wizardry
rCorr    .         Harm     .   (no ring)
MR       .....                  (no ring)
Stlth    ++++......             (no ring)
HPRegen  0.12/turn              (no ring)
MPRegen  0.09/turn              (no ring)
                                (no ring)
                                (no ring)

@: flying
A: almost no armour, stealthy swim, amphibious, 8 rings, constrict 8, camouflage
1, gelatinous body 1
a: no special abilities


You were on level 3 of the Dungeon.
You were not hungry.

You visited 1 branch of the dungeon, and saw 3 of its levels.

You collected 89 gold pieces.

Inventory:

Hand Weapons
 a - a +0 falchion (weapon)
Missiles
 j - 2 throwing nets (quivered)
 k - 23 javelins
 l - 22 sling bullets
 m - 10 poisoned needles
 n - 36 stones
 o - 11 bolts
 t - 46 arrows
Jewellery
 f - a ring of wizardry (left tentacle)
Scrolls
 c - 3 scrolls of teleportation {unknown}
 d - a scroll of fog {unknown}
 e - 4 scrolls of identify {unknown}
 g - a scroll of amnesia {unknown}
 h - a scroll of noise {unknown}
 i - a scroll of immolation {unknown}
 q - 2 scrolls of magic mapping {unknown}
 s - a scroll of blinking {unknown}
 v - a scroll of remove curse {unknown}
Potions
 r - a potion of curing {unknown}
 w - a potion of heal wounds {unknown}
Comestibles
 b - 5 rations
 u - 5 chunks of flesh


   Skills:
 - Level 3.0 Fighting
 - Level 3.0 Long Blades
 + Level 5.2 Dodging
 - Level 5.0 Stealth


You had 4 spell levels left.
You didn't know any spells.
Your spell library contained the following spells:

 Spells                   Type           Power        Failure   Level  Hunger
 Magic Dart               Conj           #...         12%         1    ##.....
 Blink                    Tloc           N/A          17%         2    ###....
 Call Imp                 Summ           #.......     17%         2    ###....
 Slow                     Hex            #.......     17%         2    ###....
 Conjure Flame            Conj/Fire      #.......     32%         3    ####...
 Mephitic Cloud           Conj/Pois/Air  #.......     32%         3    ####...


Dungeon Overview and Level Annotations

Branches:
Dungeon (3/15)

Altars:
Fedhas


Innate Abilities, Weirdness & Mutations

You cannot wear most types of armour.
You are very stealthy in the water. (Stealth+)
You are amphibious.
You can wear up to eight rings at the same time.
You can use your tentacles to constrict eight enemies at once.
Your skin changes colour to match your surroundings (Stealth+).
Your rubbery body absorbs attacks. (AC +1, EV +1)


Message History

The orc wizard hits you with a +0 dagger.
The orc priest misses you.
Unknown command.
You closely miss the orc wizard. Your grab misses the orc wizard.
Your squeeze misses the orc wizard.
The orc wizard is heavily wounded.
You constrict the orc priest, but do no damage.
The orc wizard misses you. The orc priest hits you.
* * * LOW HITPOINT WARNING * * *
The orc wizard casts a spell at you. The puff of flame hits you!
* * * LOW HITPOINT WARNING * * *
Unknown command.
It was a potion of flight.
You feel very buoyant.
You fly up into the air.
You constrict the orc priest, but do no damage.
The orc wizard points at you and mumbles some strange words.
The magic dart hits you!
You die...

........#.#.#.#.#........
................#........
........#.#.#.#)#........
........................#
.......##.#.#)###.#####.#
.. .....>.†.............
. .###.#.#.#..........
............#####.
....###...@†.# # ...#.
#).oo### . ...##......l#
. . ###....o. # .......o.
.......... . ..........
.......#..#


You could see an orc priest, an orc wizard, 2 orcs and a leopard gecko.

Vanquished Creatures
  A worker ant (D:3)
  2 adders
  4 gnolls
  An ooze (D:2)
  3 worms
  A dart slug (D:1)
  4 leopard geckos
  4 orcs (D:3)
  A ball python (D:2)
  6 bats
  5 goblins
  9 hobgoblins
  3 jackals (D:2)
  8 kobolds
  A quokka (D:3)
  6 frilled lizards
  7 rats
66 creatures vanquished.

Notes
Turn   | Place    | Note
-------+----------+-------------------------------------------
     0 | D:1      | MisterFreud the Octopode Monk began the quest for the Orb.
     0 | D:1      | Reached XP level 1. HP: 16/16 MP: 1/1
   224 | D:1      | Reached XP level 2. HP: 21/21 MP: 2/2
   602 | D:1      | Reached XP level 3. HP: 23/26 MP: 3/3
   674 | D:1      | Reached skill level 5 in Stealth
  1293 | D:2      | Reached XP level 4. HP: 20/31 MP: 4/4
  1954 | D:3      | Reached XP level 5. HP: 32/36 MP: 5/5
  1985 | D:3      | Reached skill level 5 in Dodging
  1986 | D:3      | Found a blossoming altar of Fedhas.
  2357 | D:3      | Killed from afar by an orc wizard

Vault maps used:
D:1:      scummos_arrival_simple_fountains
D:3:      fedhas_altar_1, st_stairs_8, grunt_ministairs_1

Skill      XL: |  1  2  3  4  5 |
---------------+----------------+-----
Stealth        | 3 4 5 |  5.0
Dodging        | 4 5 |  5.2
Fighting       | |  3.0
Long Blades    | |  3.0

Action                   |  1- 3 |  4- 6 || total
-------------------------+-------+-------++-------
Melee: Falchion          |    55 |    79 ||   134
       Constrict         |    15 |    27 ||    42
       Tentacles         |     3 |    18 ||    21
  Use: Potion            |       |     1 ||     1
 Stab: Sleeping          |    13 |     6 ||    19
       Distracted        |       |     1 ||     1
  Eat: Chunk             |     1 |     4 ||     5
Armor: Skin              |     5 |     6 ||    11
Dodge: Dodged            |    29 |    69 ||    98
       Rpst.: Falchion   |     6 |    17 ||    23

Table legend:
 A = Non-vault XP
 B = Vault XP
 C = Vault XP percentage of total XP
 D = Non-vault monster count
 E = Vault monster count
 F = Vault count percentage of total count
                 A         B        C        D         E       F
            +---------+---------+-------+---------+---------+-------
      Total |     236 |       4 |   1.7 |      64 |       2 |   3.0
            +---------+---------+-------+---------+---------+-------
        D:1 |      52 |       0 |   0.0 |      21 |       0 |   0.0
        D:2 |      99 |       0 |   0.0 |      23 |       0 |   0.0
        D:3 |      85 |       4 |   4.5 |      20 |       2 |   9.1
            +---------+---------+-------+---------+---------+-------
